 Dungeon Crawl Stone Soup version 0.25.1-8-g42b30a86e7 (webtiles) character file.

Game seed: 10193856140701493905

102 hawla the Magician (level 4, 0/33 HPs)
             Began as a Draconian Conjurer on Dec 6, 2020.
             Was an Initiate of Vehumet.
             Slain by a crocodile (9 damage)
             ... on level 3 of the Dungeon.
             The game lasted 00:04:22 (2605 turns).

hawla the Magician (Draconian Conjurer)             Turns: 2605, Time: 00:04:23

Health: 0/33       AC:  6    Str: 10    XL:     4   Next: 50%
Magic:  1/10       EV: 12    Int: 17    God:    Vehumet [......]
Gold:   65         SH:  0    Dex: 11    Spells: 4/11 levels left

rFire    . . .     SeeInvis .   (no weapon)
rCold    . . .     Gourm    .   (no shield)
rNeg     . . .     Faith    .   (armour unavailable)
rPois    .         Spirit   .   (helmet restricted)
rElec    .         Reflect  .   (no cloak)
rCorr    .         Harm     .   (no gloves)
MR       .....                  g - +0 pair of boots (curse)
Stlth    ++........             (no amulet)
HPRegen  0.11/turn              (no ring)
MPRegen  0.12/turn              (no ring)

@: hasted, very quick
A: unfitting armour, cold-blooded, AC +5
a: Renounce Religion


You were on level 3 of the Dungeon.
You worshipped Vehumet.
Vehumet was noncommittal.
You were not hungry.

You visited 1 branch of the dungeon, and saw 3 of its levels.

You collected 65 gold pieces.

Inventory:

Missiles
 d - 7 boomerangs (quivered)
Armour
 g - a cursed +0 pair of boots (worn)
Scrolls
 e - a scroll of teleportation
 f - a scroll of identify
 i - a scroll of enchant weapon
 k - a scroll of amnesia {unknown}
Potions
 c - a potion of flight
 j - a potion of mutation {unknown}
 l - a potion of might {unknown}
Comestibles
 b - 6 rations


   Skills:
 - Level 1.7 Dodging
 - Level 1.7 Stealth
 + Level 4.2 Spellcasting
 - Level 4.0 Conjurations
 * Level 1.1 Translocations


You had 4 spell levels left.
You knew the following spells:

 Your Spells              Type           Power        Failure   Level  Hunger
a - Magic Dart            Conj           ###.         3%          1    None
b - Searing Ray           Conj           ###...       4%          2    ##.....
c - Iskenderun's Mystic   Conj/Tloc      ##......     47%         4    ####...

Your spell library contained the following spells:

 Spells                   Type           Power        Failure   Level  Hunger
 Dazzling Flash           Conj/Hex       ##....       21%         3    ###....
 Fulminant Prism          Conj/Hex       ##........   56%         4    ####...


Dungeon Overview and Level Annotations

Branches:
Dungeon (3/15)

Altars:
Elyvilon
Nemelex Xobeh
Vehumet
Xom


Innate Abilities, Weirdness & Mutations

Your plain brown scales are hard. (AC +5)
You cannot fit into any form of body armour.
You are cold-blooded and may be slowed by cold attacks.


Message History

The searing ray hits the crocodile.
The crocodile is heavily wounded. (Press . to maintain the ray.)
Casting: Searing Ray (safe; 4% risk of failure)
Confirm with . or Enter, or press ? or * to list all spells.
Aiming: Searing Ray (safe; 4% risk of failure)
Press: ? - help, Shift-Dir - straight line, f/p - crocodile
Aim: a crocodile (heavily wounded)
The searing ray misses the crocodile. (Press . to maintain the ray.)
The searing ray misses the crocodile.
The searing ray hits the crocodile.
The crocodile is severely wounded.
The crocodile bites you!
The searing ray hits the crocodile.
The crocodile is almost dead.
You finish channeling your searing ray.
The crocodile bites you!
* * * LOW HITPOINT WARNING * * *
It was a potion of haste.
You feel yourself speed up. The crocodile bites you!
You die...

########### ###
..........########......
..........)#............
....#...#..#............
>..###.###.............#
....#...#..รท............
......_.................
....#...#...............
<..###.###.#....@t..#
....#...#...............
.....................##.
..............####....#
###...........# ....#
............# ....#
...........# ...#
.##..).... #.##


You could see a crocodile.

Vanquished Creatures
  3 gnolls (D:2)
  2 adders (D:2)
  A worm (D:3)
  2 dart slugs
  3 leopard geckos (D:2)
  An orc (D:3)
  5 giant cockroaches
  2 hobgoblins
  5 jackals
  4 kobolds (D:2)
  2 ball pythons
  2 bats (D:1)
  4 frilled lizards
  4 goblins
  4 rats
44 creatures vanquished.

Notes
Turn   | Place    | Note
-------+----------+-------------------------------------------
     0 | D:1      | hawla the Draconian Conjurer began the quest for the Orb.
     0 | D:1      | Reached XP level 1. HP: 14/14 MP: 3/3
   429 | D:1      | Reached XP level 2. HP: 20/20 MP: 2/5
   433 | D:1      | Learned a level 2 spell: Searing Ray
  1232 | D:2      | Reached XP level 3. HP: 26/26 MP: 2/7
  1336 | D:2      | Reached XP level 4. HP: 33/33 MP: 2/10
  1424 | D:2      | Learned a level 4 spell: Iskenderun's Mystic Blast
  1784 | D:2      | Found a hazy altar of Hepliaklqana.
  1802 | D:2      | Found a white marble altar of Elyvilon.
  1802 | D:2      | Found a shimmering altar of Xom.
  1804 | D:2      | Found a sparkling altar of Nemelex Xobeh.
  1804 | D:2      | Found a sparkling altar of Nemelex Xobeh.
  1804 | D:2      | Found a shimmering altar of Xom.
  2474 | D:3      | Found a radiant altar of Vehumet.
  2486 | D:3      | Reached skill level 1 in Translocations
  2487 | D:3      | Became a worshipper of Vehumet
  2596 | D:3      | Noticed a crocodile
  2605 | D:3      | Slain by a crocodile

Illustrated notes

Levels and vault maps discovered:
D:1:      dpeg_arrival_line_fractal, layout_loops_corners
D:2:      minmay_general_purpose_star, layout_loops_corners, first_ration,
          doesnt_xom_only_xom
D:3:      layout_basic, lemuel_crystal_altar, vehumet_crystals,
          uniq_crazy_yiuf_cottage

Skill      XL: |  1  2  3  4 |
---------------+-------------+-----
Spellcasting   | 3 4 |  4.2
Translocations | 1 |  1.1
Dodging        | |  1.7
Stealth        | |  1.7
Conjurations   | |  4.0

Action                   |  1- 3 |  4- 6 || total
-------------------------+-------+-------++-------
Melee: Unarmed           |     4 |       ||     4
       Tailslap          |     1 |       ||     1
 Cast: Magic Dart        |    23 |    27 ||    50
       Searing Ray       |    12 |    10 ||    22
  Use: Scroll            |     5 |       ||     5
       Potion            |     2 |     1 ||     3
  Eat: Chunk             |     2 |     4 ||     6
Armor: Skin              |     3 |       ||     3
Dodge: Dodged            |    12 |       ||    12
